 Dungeon Sprint DCSS version 0.19-a0-578-g4cfc824 (webtiles) character file.

545695 Groucho the Invulnerable (level 22, 190/190 HPs)
             Began as a Halfling Hunter on June 9, 2016.
             Escaped with the Orb!
             The game lasted 00:56:45 (13641 turns).

Groucho the Invulnerable (Halfling Hunter)         Turns: 13641, Time: 00:56:46

Health: 190/190    AC: 48    Str: 23    XL:     22   Next: 43%
Magic:  35/35      EV: 29    Int: 10    God:
Gold:   0          SH: 39    Dex: 26    Spells: 0 memorised, 21 levels left

rFire  + + .     SeeInvis +     l - +9 greatsling (evade)
rCold  + + .     Gourm    .     a - +9 gold dragon armour (curse)
rNeg   + . .     Faith    .     p - +18 shield of the Gong {rElec rN+ MR+ EV-5}
rPois  +         Spirit   .     c - +0 helmet of the Quahog {rElec}
rElec  +         Dismiss  +     Q - +0 cloak {+Inv}
rCorr  .         Reflect  .     W - +2 pair of gloves {Str+3}
SustAt .         Harm     .     Y - +2 pair of boots {Stlth+}
MR     +++..     Rnd*Rage +     V - amulet of dismissal
Stlth  .......... NoTele   +    q - ring of Compuem {rF+ rC+ MR+ Str+4}
                                L - ring "Numaeclu" {rPois Dex+5 SInv}

@: studying Unarmed Combat, very slow, extremely resistant to hostile
enchantments, extremely unstealthy
A: talons 1, berserk 1, low mp 1, mutation resistance 1, MP-powered wands
a: Evoke Invisibility
0: Orb of Zot


You escaped.
You were not hungry.

You visited 1 branch

Inventory:

Hand Weapons
 b - the cursed +11 dagger of the Fray {pierce, rF+}
   (You found it in the Dungeon)

   It inflicts extra damage upon your enemies.
   It protects you from fire.
   It has a curse placed upon it.
 l - a +9 greatsling of evasion (weapon)
 m - the +10 sword of Jihad {holy, *Rage rN+ EV+3 Stlth-}
   (You found it in the Dungeon)

   It has been blessed by the Shining One to cause great damage to the undead
   and demons.
   It affects your evasion (+3).
   It protects you from negative energy.
   It may make you go berserk in combat.
   It makes you less stealthy.
 n - the cursed +14 obsidian axe {chop, +Fly Str+3 SInv *Curse}
   (You found it in the Dungeon)

   It inflicts extra damage upon your enemies.
   It affects your strength (+3).
   It lets you see invisible.
   It lets you fly.
   It may re-curse itself when equipped.
   It has a curse placed upon it.
 s - the +8 lance "Wyrmbane" {slay drac, +Rage rPois rF+ AC+5}
   (You found it in the Dungeon)

   It affects your AC (+5).
   It protects you from fire.
   It protects you from poison.
   It lets you go berserk.
 S - the +6 broad axe of Brutal Revenge {holy, +Fly rElec MP+9 Int-3}
   (You found it in the Dungeon)

   It has been blessed by the Shining One to cause great damage to the undead
   and demons.
   It affects your intelligence (-3).
   It insulates you from electricity.
   It affects your magic capacity (+9).
   It lets you fly.
 Z - the cursed +4 Vampire's Tooth {vamp}
   (You found it in the Dungeon)

   It inflicts no extra harm, but heals its wielder somewhat when it strikes a
   living foe.
   It has a curse placed upon it.
Missiles
 d - 964 sling bullets (quivered)
Armour
 a - a cursed +9 gold dragon armour (worn)
 c - the +0 helmet of the Quahog (worn) {rElec}
   (You found it in the Dungeon)

   It insulates you from electricity.
 o - the +15 Maxwell's patent armour {-Cast -Tele rElec MR+ rCorr}
   (You found it in the Dungeon)

   It insulates you from electricity.
   It affects your resistance to hostile enchantments.
   It prevents spellcasting.
   It prevents most forms of teleportation.
   It protects you from acid and corrosion.
 p - the +18 shield of the Gong (worn) {rElec rN+ MR+ EV-5}
   (You found it in the Dungeon)

   It affects your evasion (-5).
   It insulates you from electricity.
   It protects you from negative energy.
   It affects your resistance to hostile enchantments.
 Q - a +0 cloak of invisibility (worn)
 W - a +2 pair of gloves of strength (worn)
 Y - a +2 pair of boots of stealth (worn)
Jewellery
 h - the amulet "Koofeito" {Faith rPois rN+ Str-5 Slay+5}
   (You took it off a spriggan air mage in the Dungeon)

   [amulet of faith]

   It allows you to gain divine favour quickly.
   It affects your strength (-5).
   It affects your accuracy and damage with ranged weapons and melee attacks
   (+5).
   It protects you from poison.
   It protects you from negative energy.
 i - the amulet of Fydum {Gourm *Drain MR+ Int+2 SInv}
   (You took it off a merfolk javelineer in the Dungeon)

   [amulet of the gourmand]

   It allows you to eat raw meat even when not hungry.
   It affects your intelligence (+2).
   It affects your resistance to hostile enchantments.
   It lets you see invisible.
   It causes draining when unequipped.
 q - the ring of Compuem (right hand) {rF+ rC+ MR+ Str+4}
   (You found it in the Dungeon)

   [ring of protection from magic]

   It affects your strength (+4).
   It protects you from fire.
   It protects you from cold.
   It affects your resistance to hostile enchantments.
 t - a cursed ring of fire
 K - the cursed ring "Culipp" {rF+ rN+}
   (You took it off a yaktaur in the Dungeon)

   [ring of protection from fire]

   It protects you from fire.
   It protects you from negative energy.
   It has a curse placed upon it.
 L - the ring "Numaeclu" (left hand) {rPois Dex+5 SInv}
   (You found it in the Dungeon)

   [ring of dexterity]

   It affects your dexterity (+5).
   It protects you from poison.
   It lets you see invisible.
 M - the ring of Zotyuluq {rC+ rN+ Int+2}
   (You found it in the Dungeon)

   [ring of intelligence]

   It affects your intelligence (+2).
   It protects you from cold.
   It protects you from negative energy.
 P - a cursed ring of protection from magic
 T - the ring "Fuwn" {rF+ rN+ MP+9}
   (You took it off a vampire knight in the Dungeon)

   [ring of magical power]

   It protects you from fire.
   It protects you from negative energy.
   It affects your magic capacity (+9).
 V - an amulet of dismissal (around neck)
 X - the ring of Jaeluy {SustAt rC+ rN+}
   (You found it in the Dungeon)

   [ring of sustain attributes]

   It sustains your strength, intelligence and dexterity.
   It protects you from cold.
   It protects you from negative energy.
Wands
 G - a wand of disintegration (10/24)
 H - a wand of iceblast (5/15)
 I - a wand of lightning (5/15)
 J - a wand of acid (4/15)
 N - a wand of heal wounds (4/9)
Scrolls
 k - 3 scrolls of blinking
 v - 7 scrolls of fog
 w - 3 scrolls of holy word
 x - 5 scrolls of identify
 y - 5 scrolls of remove curse
 z - 2 scrolls of fear
 U - 8 scrolls of enchant weapon
Potions
 e - 8 potions of curing
 g - 3 potions of heal wounds
 A - 2 potions of brilliance
 B - a potion of invisibility
 C - 4 potions of resistance
 E - 7 potions of agility
 F - 6 potions of might
Books
 R - a manual of Unarmed Combat
Miscellaneous
 j - 4 phantom mirrors
Comestibles
 f - 5 bread rations
 r - 11 fruits


   Skills:
 O Level 27 Fighting
 O Level 27 Short Blades
 - Level 7.5(16.3) Long Blades
 - Level 18.5 Axes
 O Level 27 Slings
 O Level 27 Armour
 O Level 27 Dodging
 - Level 1.1 Stealth
 O Level 27 Shields
 O Level 27 Invocations
 * Level 12.2 Evocations


You had 21 spell levels left.
You didn't know any spells.

Dungeon Overview and Level Annotations

Branches:
Dungeon (1/1)

Altars:
Ashenzari
Cheibriados
Dithmenos
Elyvilon
Fedhas
Gozag
Hepliaklqana
Kikubaaqudgha
Makhleb
Nemelex Xobeh
Okawaru
Pakellas
Qazlal
Ru
Sif Muna
Trog
Uskayaw
Vehumet
Xom
Yredelemnul
Zin
The Shining One
Beogh
Jiyva
Lugonu


Innate Abilities, Weirdness & Mutations

You are small and have problems with some larger weapons.
You are somewhat resistant to further mutation.
You have sharp toenails.
You tend to lose your temper in combat.
Your magical capacity is low. (-10% MP)
You expend magic power (3 MP) to strengthen your wands.


Message History

Press: ? - help, Shift-Dir - straight line The granite statue explodes into countless fragments.
This wand has 11 charges left.
Evoke which item? (* to show all) (? for menu, Esc to quit)
Zapping:
G - a wand of disintegration (11/24)
Press: ? - help, Shift-Dir - straight line The granite statue explodes into countless fragments.
This wand has 10 charges left.
Unknown command.
You see here a trident.
There is a staircase leading out of the dungeon, spattered with blood here.
You start resting.
Put on which piece of jewellery? (? for menu, Esc to quit)
Okay, then.
You start resting.
Magic restored.
Unknown command.
Unknown command.
There is a staircase leading out of the dungeon, spattered with blood here.
You have escaped!

≈.≈.≈≈\≈.≈≈≈▓..▓....)).▓..▓...8©8
.≈.≈...≈....▓.▓▓▓.....▓▓▓.▓..:).|
≈.≈≈)≈.≈≈.≈≈▓..▓.......▓..▓..}..|
≈≈..≈[..≈...▓.............▓...[[.
)≈≈)))\..≈.≈▓.............▓......
.)).).≈≈≈≈..▓▓▓▓▓▓▓▓▓▓▓▓▓▓▓......
▓.))(≈.≈▓...▓.............▓.....÷
▓▓≈.(≈.▓▓▓.≈▓....)......).▓..▓...
▓≈≈..≈≈≈▓..≈▓...@.).......▓.▓..[)
.≈≈.≈..≈.≈≈.▓...))........▓......
≈≈.(≈......≈▓..)..........▓▓▓▓▓▓▓
▓▓▓▓▓▓▓▓▓▓▓▓▓▓▓▓▓▓▓▓▓▓▓▓▓▓▓▓▓▓▓▓▓
.....8©8........▓........8©8.....
|.|..|......}.).▓..:..}.[:)}.=|))
:[)..:..:..}.:..▓..}.).=.==:"===.
}))[).)..:.|.)\.▓.....[..)..=.)).
...))......)....▓.........[."....


There were no monsters in sight!

Vanquished Creatures
  A pandemonium lord (D)
  Nikola (D)
  Rupert (D)
  3 liches (D)
  5 Orb Guardians (D)
  9 deep elf blademasters (D)
  2 Hell Sentinels (D)
  11 deep elf master archers (D)
  A titan (D)
  13 acid blobs (D)
  Gastronok (D)
  3 krakens (D)
  An Executioner (D)
  Polyphemus (D)
  Agnes (D)
  A storm dragon (D)
  A thorn hunter (D)
  11 azure jellies (D)
  9 deep elf sorcerers (D)
  Aizul (D)
  A warmonger (D)
  An emperor scorpion (D)
  A blood saint (D)
  2 reapers (D)
  8 stone giants (D)
  3 vampire knights (D)
  11 deep elf annihilators (D)
  Azrael (D)
  An apis (D)
  A dire elephant (D)
  14 death oozes (D)
  11 merfolk javelineers (D)
  A blizzard demon (D)
  Josephine (D)
  7 merfolk impalers (D)
  13 deep elf high priests (D)
  3 great orbs of eyes (D)
  9 yaktaur captains (D)
  An entropy weaver (D)
  6 centaur warriors (D)
  7 spriggan air magi (D)
  An anaconda (D)
  7 merfolk aquamancers (D)
  3 merfolk avatars (D)
  10 dancing weapons (D)
  3 vampire magi (D)
  2 satyrs (D)
  2 soul eaters (D)
  10 deep elf knights (D)
  4 spriggan berserkers (D)
  A fire crab (shapeshifter) (D)
  A sun demon (D)
  2 sea snakes (D)
  4 skeletal warriors (D)
  3 giant orange brains (D)
  2 shambling mangroves (D)
  2 shadow demons (D)
  3 necromancers (D)
  An anubis guard (shapeshifter) (D)
  5 deep elf archers (D)
  A gelid demonspawn (D)
  2 orb spiders (D)
  2 hornets (D)
  An oklob plant (D)
  22 deep elf magi (D)
  3 griffons (D)
  7 wolf spiders (D)
  10 cyclopes (D)
  A manticore (D)
  12 shining eyes (D)
  2 ugly things (D)
  A sixfirhy (D)
  An octopode (shapeshifter) (D)
  Joseph (D)
  3 sirens (D)
  A rust devil (D)
  2 smoke demons (D)
  2 water nymphs (D)
  A spiny frog (D)
  A hellion (D)
  15 eyes of devastation (D)
  4 orange demons (D)
  A tormentor (D)
  2 dryads (D)
  A yaktaur (shapeshifter) (D)
  11 yaktaurs (D)
  A rime drake (shapeshifter) (D)
  A komodo dragon (D)
  3 red devils (D)
  5 demonic crawlers (D)
  A jumping spider (D)
  A wind drake (D)
  6 merfolk (D)
  Prince Ribbit (D)
  2 snapping turtles (D)
  39 slime creatures (D)
  11 air elementals (D)
  2 flying skulls (D)
  A ynoxinul (D)
  2 spriggans (shapeshifter) (D)
  2 redbacks (D)
  4 vampires (D)
  2 yaks (D)
  3 spriggans (D)
  3 tarantellas (D)
  3 shadows (D)
  A water elemental (D)
  A wraith (D)
  5 fire elementals (D)
  A golden eye (shapeshifter) (D)
  4 golden eyes (D)
  4 neqoxecs (D)
  2 hippogriffs (D)
  A chaos spawn (D)
  3 insubstantial wisps (D)
  A naga (shapeshifter) (D)
  2 soldier ants (shapeshifter) (D)
  A hell hound (D)
  3 porcupines (D)
  3 giant eyeballs (D)
  4 eyes of draining (D)
  2 necrophages (D)
  4 wasps (D)
  A black bear (D)
  7 centaurs (D)
  An ogre (shapeshifter) (D)
  2 wolves (D)
  A giant frog (D)
  4 wights (D)
  3 crimson imps (D)
  4 jellies (D)
  5 quasits (D)
  An iguana (D)
  3 sheep (D)
  3 river rats (D)
  A white imp (D)
  An ufetubus (D)
  3 adder skeletons (D)
  3 bat skeletons (D)
  3 bat zombies (D)
  2 jackals (D)
  A ball python skeleton (D)
  2 giant cockroach zombies (D)
  2 giant gecko zombies (D)
  A jackal skeleton (D)
  A butterfly (D)
  A fire vortex (D)
  2 tentacles (D)
549 creatures vanquished.

Vanquished Creatures (others)
  A pandemonium lord (D)
  A deep elf blademaster (D)
  A stone giant (D)
  A deep elf high priest (D)
  A deep elf knight (D)
  A wolf spider (D)
  2 sixfirhies (D)
  A smoke demon (D)
  A wind drake (D)
  4 golden eyes (D)
  3 large abominations (D)
  4 small abominations (D)
  An ufetubus (D)
  A fire vortex (D)
  43 tentacles (D)
  1263 tentacle segments (D)
1329 creatures vanquished.

Grand Total: 1878 creatures vanquished

Notes
Turn   | Place    | Note
--------------------------------------------------------------
     0 | D        | Groucho the Halfling Hunter began the quest for the Orb.
     0 | D        | Reached XP level 1. HP: 14/14 MP: 1/1
     0 | D        | Found a shimmering altar of Xom.
     1 | D        | Found a burning altar of Makhleb.
     1 | D        | Found a deep blue altar of Sif Muna.
     1 | D        | Found an iron altar of Okawaru.
     1 | D        | Found a bloodstained altar of Trog.
     1 | D        | Found a radiant altar of Vehumet.
     1 | D        | Found a sparkling altar of Nemelex Xobeh.
    12 | D        | Found a roughly hewn altar of Beogh.
    12 | D        | Found a viscous altar of Jiyva.
    12 | D        | Found a corrupted altar of Lugonu.
    12 | D        | Found a blossoming altar of Fedhas.
    12 | D        | Found a white marble altar of Elyvilon.
    12 | D        | Found a snail-covered altar of Cheibriados.
    99 | D        | Became a worshipper of Cheibriados the Contemplative
   118 | D        | Entered arena 1.
   118 | D        | Noticed a hell hound
   118 | D        | Noticed a quasit
   127 | D        | Killed a hell hound
   127 | D        | Reached XP level 2. HP: 19/19 MP: 1/5
   127 | D        | Reached XP level 3. HP: 24/24 MP: 1/6
   127 | D        | Reached XP level 4. HP: 29/29 MP: 1/7
   127 | D        | Reached XP level 5. HP: 34/34 MP: 1/8
   132 | D        | Reached * piety under Cheibriados
   132 | D        | Reached skill level 5 in Armour
   132 | D        | Reached skill level 5 in Shields
   132 | D        | Reached skill level 5 in Invocations
   720 | D        | Entered arena 2.
   724 | D        | Reached ** piety under Cheibriados
   739 | D        | Got the ring of Xom's Ringing Laughter {Int+6 Dex+3}
   742 | D        | Got the +11 dagger of the Fray {pierce, rF+}
   743 | D        | Entered arena 3.
   743 | D        | Noticed a fire elemental
   743 | D        | Noticed a fire elemental
   754 | D        | Killed a fire elemental
   754 | D        | Reached skill level 10 in Slings
   754 | D        | Reached XP level 6. HP: 27/39 MP: 9/11
   764 | D        | Killed a fire elemental
   764 | D        | Reached *** piety under Cheibriados
   764 | D        | Reached XP level 7. HP: 24/44 MP: 10/12
   891 | D        | Entered arena 4.
   897 | D        | Reached **** piety under Cheibriados
  1033 | D        | Entered arena 5.
  1033 | D        | Noticed an air elemental
  1033 | D        | Noticed an air elemental
  1033 | D        | Noticed an insubstantial wisp
  1033 | D        | Noticed an air elemental
  1033 | D        | Noticed an insubstantial wisp
  1037 | D        | Killed an air elemental
  1037 | D        | Reached ***** piety under Cheibriados
  1037 | D        | Reached XP level 8. HP: 46/49 MP: 14/14
  1037 | D        | Killed an air elemental
  1037 | D        | Killed an air elemental
  1037 | D        | Reached skill level 10 in Armour
  1037 | D        | Reached skill level 10 in Shields
  1042 | D        | Reached skill level 10 in Invocations
  1071 | D        | Entered arena 6.
  1071 | D        | Noticed a shining eye
  1071 | D        | Noticed a purple ugly thing
  1071 | D        | Noticed a fire crab
  1071 | D        | Noticed an octopode
  1074 | D        | Reached XP level 9. HP: 54/54 MP: 16/16
  1079 | D        | Killed a fire crab
  1079 | D        | Reached skill level 15 in Slings
  1079 | D        | Killed a purple ugly thing
  1079 | D        | Reached ****** piety under Cheibriados
  1080 | D        | Killed an octopode
  1080 | D        | Reached XP level 10. HP: 29/60 MP: 6/18
  1082 | D        | Killed a shining eye
  1412 | D        | Entered arena 7.
  1424 | D        | Got the ring "Fudgh" {rF- rC+ Int+4 Slay+2 Stlth+}
  1428 | D        | Entered arena 8.
  1505 | D        | Entered arena 9.
  1505 | D        | Noticed a spiny frog
  1505 | D        | Noticed a komodo dragon
  1509 | D        | Killed a komodo dragon
  1509 | D        | Reached skill level 5 in Fighting
  1509 | D        | Killed a spiny frog
  1509 | D        | Reached XP level 11. HP: 72/72 MP: 14/20
  1672 | D        | Entered arena 10.
  1672 | D        | Noticed a shining eye
  1672 | D        | Noticed a cyan ugly thing
  1678 | D        | Killed a cyan ugly thing
  1681 | D        | Killed a shining eye
  1704 | D        | Got the ring of the Stallion {rN+ Int+3 Stlth+}
  1879 | D        | Entered arena 11.
  1879 | D        | Noticed a wolf spider
  1879 | D        | Noticed a wolf spider
  1880 | D        | Noticed an emperor scorpion
  1880 | D        | Noticed an entropy weaver
  1884 | D        | Killed a wolf spider
  1884 | D        | Killed a wolf spider
  1884 | D        | Killed an entropy weaver
  1884 | D        | Reached skill level 15 in Armour
  1884 | D        | Reached skill level 15 in Shields
  1891 | D        | Killed an emperor scorpion
  1891 | D        | Reached XP level 12. HP: 84/85 MP: 11/22
  1964 | D        | Entered arena 12.
  1964 | D        | Noticed a spriggan air mage
  1964 | D        | Noticed a storm dragon
  1964 | D        | Noticed a spriggan air mage
  1965 | D        | Noticed a spriggan air mage
  1968 | D        | Noticed a titan
  1968 | D        | Noticed a spriggan air mage
  1969 | D        | Killed a spriggan air mage
  1969 | D        | Killed a spriggan air mage
  1969 | D        | Killed a spriggan air mage
  1969 | D        | Killed a spriggan air mage
  1969 | D        | Reached skill level 10 in Fighting
  1971 | D        | Killed a storm dragon
  1974 | D        | Killed a titan
  2260 | D        | Got the ring of Jaeluy {SustAt rC+ rN+}
  2369 | D        | Entered arena 13.
  2370 | D        | Noticed a skeletal warrior
  2371 | D        | Noticed a lich
  2374 | D        | Noticed a skeletal warrior
  2381 | D        | Killed a skeletal warrior
  2381 | D        | Reached XP level 13. HP: 76/95 MP: 12/23
  2383 | D        | Killed a lich
  2383 | D        | Reached skill level 10 in Dodging
  2706 | D        | Entered arena 14.
  2707 | D        | Noticed Joseph
  2707 | D        | Noticed Azrael
  2707 | D        | Noticed Agnes
  2707 | D        | Noticed Prince Ribbit
  2708 | D        | Noticed Nikola
  2709 | D        | Noticed Polyphemus
  2709 | D        | Noticed Gastronok
  2710 | D        | Noticed Aizul
  2710 | D        | Noticed Rupert
  2711 | D        | Killed Prince Ribbit
  2711 | D        | Killed Agnes
  2712 | D        | Noticed Josephine
  2712 | D        | Killed Azrael
  2714 | D        | Killed Aizul
  2714 | D        | Reached skill level 15 in Dodging
  2714 | D        | Killed Joseph
  2716 | D        | Killed Rupert
  2716 | D        | Killed Josephine
  2717 | D        | Killed Polyphemus
  2719 | D        | Killed Nikola
  2719 | D        | Reached XP level 14. HP: 31/101 MP: 4/24
  2729 | D        | Killed Gastronok
  3235 | D        | Got the ring "Numaeclu" {rPois Dex+5 SInv}
  3448 | D        | Entered arena 15.
  3453 | D        | Reached skill level 15 in Invocations
  3497 | D        | Entered arena 16.
  3663 | D        | Entered arena 17.
  3950 | D        | Entered arena 18.
  4054 | D        | Noticed an apis
  4055 | D        | Noticed a thorn hunter
  4055 | D        | Noticed a dire elephant
  4056 | D        | Reached XP level 15. HP: 106/106 MP: 19/30
  4059 | D        | Killed a thorn hunter
  4400 | D        | Got the amulet "Koofeito" {Faith rPois rN+ Str-5 Slay+5}
  4416 | D        | Entered arena 19.
  4421 | D        | Noticed a deep elf blademaster
  4422 | D        | Noticed a deep elf blademaster
  4426 | D        | Killed a deep elf blademaster
  4427 | D        | Killed a deep elf blademaster
  4427 | D        | Reached skill level 15 in Fighting
  4614 | D        | Got the ring of Hupir {+Inv rElec MP+9}
  4652 | D        | Entered arena 20.
  4659 | D        | Reached XP level 16. HP: 126/126 MP: 21/32
  4660 | D        | Noticed a lich
  4665 | D        | Noticed a lich
  4669 | D        | Killed a lich
  4670 | D        | Killed a lich
  4954 | D        | Got the ring of Koehejam {rN+ EV+1}
  4974 | D        | Got the ring "Fuwn" {rF+ rN+ MP+9}
  4993 | D        | Entered arena 21.
  4998 | D        | Noticed a kraken
  4998 | D        | Noticed a kraken
  5001 | D        | Identified a +2 rod of shadows (5/10)
  5332 | D        | Noticed a kraken
  5354 | D        | Killed a kraken
  5367 | D        | Killed a kraken
  5379 | D        | Killed a kraken
  5555 | D        | Entered arena 22.
  5561 | D        | Noticed an acid blob
  5561 | D        | Noticed an acid blob
  5563 | D        | Noticed an acid blob
  5563 | D        | Noticed an acid blob
  5564 | D        | Noticed an azure jelly
  5564 | D        | Noticed an acid blob
  5566 | D        | Gained mutation: You tend to lose your temper in combat. [a shining eye]
  5568 | D        | Killed an acid blob
  5568 | D        | Reached XP level 17. HP: 100/147 MP: 13/33
  5569 | D        | Killed an acid blob
  5651 | D        | Got the +0 helmet of the Quahog {rElec}
  5686 | D        | Entered arena 23.
  5692 | D        | Noticed a deep elf blademaster
  5692 | D        | Noticed a deep elf master archer
  5692 | D        | Noticed a deep elf master archer
  5692 | D        | Noticed a deep elf blademaster
  5693 | D        | Noticed a deep elf blademaster
  5694 | D        | Noticed a deep elf blademaster
  5695 | D        | Killed a deep elf blademaster
  5695 | D        | Killed a deep elf blademaster
  5695 | D        | Killed a deep elf blademaster
  5696 | D        | Killed a deep elf blademaster
  5696 | D        | Killed a deep elf master archer
  5697 | D        | Killed a deep elf master archer
  5697 | D        | Reached XP level 18. HP: 154/154 MP: 10/34
  6035 | D        | Entered arena 24.
  6042 | D        | Noticed an acid blob
  6043 | D        | Noticed an acid blob
  6044 | D        | Noticed an acid blob
  6046 | D        | Killed an acid blob
  6047 | D        | Noticed an acid blob
  6047 | D        | Gained mutation: You expend magic power (3 MP) to strengthen your wands. [a shining eye]
  6048 | D        | Gained mutation: You have sharp toenails. [a shining eye]
  6049 | D        | Killed an acid blob
  6051 | D        | Killed an acid blob
  6051 | D        | Killed an acid blob
  6053 | D        | Gained mutation: Your magical capacity is low. (-10% MP) [a shining eye]
  6101 | D        | Got the ring of Zotyuluq {rC+ rN+ Int+2}
  6108 | D        | Got the +6 broad axe of Brutal Revenge {holy, +Fly rElec MP+9 Int-3}
  6169 | D        | Entered arena 25.
  6169 | D        | Identified a +4 rod of shadows (6/11)
  6174 | D        | Noticed a deep elf blademaster
  6176 | D        | Noticed a deep elf master archer
  6176 | D        | Noticed a deep elf master archer
  6176 | D        | Noticed a deep elf master archer
  6177 | D        | Reached skill level 27 in Armour
  6178 | D        | Noticed a deep elf blademaster
  6178 | D        | Noticed a deep elf master archer
  6178 | D        | Noticed a deep elf blademaster
  6178 | D        | Killed a deep elf blademaster
  6179 | D        | Noticed a deep elf blademaster
  6179 | D        | Reached skill level 27 in Shields
  6179 | D        | Reached XP level 19. HP: 147/161 MP: 16/31
  6180 | D        | Reached skill level 27 in Dodging
  6180 | D        | Reached skill level 1 in Short Blades
  6180 | D        | Killed a deep elf blademaster
  6181 | D        | Killed a deep elf blademaster
  6181 | D        | Reached skill level 5 in Short Blades
  6181 | D        | Killed a deep elf blademaster
  6183 | D        | Identified the +4 scimitar of Sunlight {speed, rElec rF- MR+ Stlth+}
  6500 | D        | Entered arena 26.
  6521 | D        | Reached skill level 10 in Short Blades
  6524 | D        | Reached XP level 20. HP: 99/176 MP: 26/33
  6528 | D        | Reached skill level 27 in Fighting
  6760 | D        | Got the ring "Onosih" {+Blink rPois rN++ Slay-2 SInv}
  6768 | D        | Got the ring of Compuem {rF+ rC+ MR+ Str+4}
  6773 | D        | Got the ring "Soleig" {Ice rPois}
  6776 | D        | Got a ring of the Octopus King {MP+9 AC+1 EV+1 Str+1 Int+1 Dex+1}
  6789 | D        | Got the ring of Gouli {Wiz +Inv rN++}
  6947 | D        | Entered arena 27.
  6947 | D        | Identified a +2 rod of inaccuracy (13/13)
  6954 | D        | Reached skill level 15 in Short Blades
  6956 | D        | Reached skill level 27 in Slings
  6964 | D        | Reached skill level 27 in Invocations
  6984 | D        | Identified the +11 great sword of Imur Xof {speed, rElec rF++}
  7016 | D        | Reached skill level 27 in Short Blades
  7016 | D        | Reached skill level 5 in Long Blades
  7017 | D        | Reached skill level 1 in Axes
  7023 | D        | Got the amulet of Fydum {Gourm *Drain MR+ Int+2 SInv}
  7051 | D        | Got the ring "Culipp" {rF+ rN+}
  7162 | D        | Fell from the grace of Cheibriados
  7164 | D        | Got the Orb of Zot
  7365 | D        | Reached skill level 5 in Axes
  8316 | D        | Reached skill level 10 in Axes
  8469 | D        | Reached XP level 21. HP: 183/183 MP: 34/34
  9507 | D        | Reached skill level 15 in Axes
  9585 | D        | Noticed Tatevora the pandemonium lord
  9594 | D        | Killed Tatevora the pandemonium lord
 10223 | D        | Noticed Watilauf the pandemonium lord
 10233 | D        | Reached XP level 22. HP: 173/190 MP: 35/35
 10265 | D        | Killed Watilauf the pandemonium lord
 13641 | D        | Escaped with the Orb!

Vault maps used:
D:        sprint_v

Skill      XL: |  1  2  3  4  5  6  7  8  9 10 11 12 13 14 15 16 17 18 19 20 21 22 |
---------------+-------------------------------------------------------------------+-----
Slings         | 8 10 11 12 14 15 16 17 18 25 27 | 27.0
Armour         | 4 6 7 9 10 12 13 15 18 19 20 24 27 | 27.0
Shields        | 4 6 7 9 10 11 13 15 16 17 22 27 | 27.0
Invocations    | 4 6 7 9 10 11 12 13 14 22 24 26 27 | 27.0
Fighting       | 5 9 11 17 23 26 27 | 27.0
Dodging        | 6 18 19 22 24 27 | 27.0
Short Blades   | 13 27 | 27.0
Long Blades    | 7 |  7.5
Axes           | 11 18 | 18.5
Evocations     | 12 | 12.2
Stealth        | |  1.1

Action                   |  1- 3 |  4- 6 |  7- 9 | 10-12 | 13-15 | 16-18 | 19-21 | 22-24 || total
-------------------------+-------+-------+-------+-------+-------+-------+-------+-------++-------
Melee: Lance             |     7 |     5 |       |       |       |       |       |       ||    12
       Dagger            |       |       |       |       |    34 |       |       |       ||    34
       Eudemon blade     |       |       |       |       |       |       |       |    34 ||    34
 Fire: Greatsling        |       |    26 |    28 |    49 |    51 |    93 |   237 |    37 ||   521
Invok: Slouch            |       |       |     3 |    19 |    27 |    41 |    33 |       ||   123
       Temporal Distorti |       |       |       |       |     4 |     4 |     2 |       ||    10
       Renounce Religion |       |       |       |       |       |       |     1 |       ||     1
 Abil: Evoke Flight      |       |       |       |       |     1 |     1 |       |       ||     2
       Stop Flying       |       |       |       |       |     1 |       |       |       ||     1
Evoke: Wand              |       |       |       |       |       |       |    16 |    17 ||    33
       Phantom mirror    |       |       |       |       |       |       |       |     1 ||     1
  Use: Potion            |     1 |     1 |       |       |     1 |     5 |     5 |     5 ||    18
       Scroll            |       |       |     4 |       |       |     6 |     3 |     3 ||    16
  Eat: Chunk             |       |       |       |     1 |       |       |       |       ||     1
       Meat ration       |       |       |       |     1 |     1 |     2 |       |       ||     4
       Fruit             |       |       |       |       |     1 |       |    16 |    14 ||    31
       Royal jelly       |       |       |       |       |       |       |     2 |       ||     2
Armor: Plate armour      |    13 |    24 |     8 |     9 |    11 |    29 |       |       ||    94
       Gold dragon armou |       |       |       |       |       |     1 |    25 |    17 ||    43
Dodge: Dodged            |     2 |       |     2 |     6 |    31 |    68 |    64 |    47 ||   220
Block: Shield            |    21 |    41 |    29 |    42 |   106 |   133 |   270 |   132 ||   774
